Map: Temple gelé

Players

maxpowel

  • Race: Protoss Protoss
  • League: Diamond
  • Spawn Location: 11:00

zidar - Winner!

  • Race: Zerg Zerg
  • League: Platinum
  • Spawn Location: 5:00

VOD

Have the link to the VOD?

Description

Time

  • Played on: Nov. 19, 2016, 10:31 a.m.
  • Length: 16:32
Show
View Real Time Build Order
Export as new Build Order

maxpowel Protoss 

Build Orders:  

Get SALT Encoding   

  12  0:02  Probe (Chrono Boost)  
  13  0:15  Probe (Chrono Boost)  
  14  0:25  Probe (Chrono Boost)  
  14  0:27  Pylon  
  15  0:32  Assimilator  
  15  0:45  Probe (Chrono Boost)  
  16  0:50  Gateway  
  16  0:56  Probe (Chrono Boost)  
  17  1:06  Probe (Chrono Boost)  
  18  1:16  Forge  
  18  1:37  Gateway  
  18  1:43  Pylon  
  18  1:45  Probe (Chrono Boost)  
  19  1:50  Assimilator  
  19  1:52  Protoss Ground Armor Level 1  
  19  1:55  Probe (Chrono Boost)  
  20  2:06  Probe (Chrono Boost)  
  21  2:11  Cybernetics Core  
  21  2:14  Gateway  
  21  2:16  Probe (Chrono Boost)  
  22  2:27  Zealot  
  24  2:31  Zealot  
  26  2:40  Pylon  
  26  2:48  Mothership Core (Chrono Boost)  
  28  2:56  Stalker  
  30  3:03  Stalker  
  32  3:07  Warp Gate (Chrono Boost)  
  32  3:12  Stalker  
  34  3:30  Stalker  
  36  3:40  Gateway  
  36  3:41  Stalker  
  38  3:56  Pylon  
  38  3:59  Pylon  
  36  4:21  Stalker x3  
  33  4:37  Photon Cannon  
  31  5:12  Photon Cannon  
  29  5:27  Stalker  
  30  5:49  Stargate  
  27  6:01  Stalker  
  27  6:03  Stalker  
  23  6:08  Pylon  
  23  6:09  Pylon  
  20  6:15  Stalker  
  16  6:31  Stalker  
  16  6:33  Stalker  
  18  6:48  Probe  
  19  7:01  Probe  
  20  7:13  Probe  
  21  7:25  Pylon  
  21  7:35  Probe (Chrono Boost)  
  22  7:46  Probe (Chrono Boost)  
  23  7:57  Probe (Chrono Boost)  
  24  8:02  Void Ray  
  28  8:08  Probe (Chrono Boost)  
  29  8:20  Stalker  
  27  8:33  Stalker  
  12  9:32  Probe (Chrono Boost)  
  13  9:38  Pylon  
  13  9:43  Probe (Chrono Boost)  
  14  9:48  Pylon  
  14  9:49  Pylon  
  14  9:53  Probe (Chrono Boost)  
  14  9:54  Pylon  
  15  10:20  Probe (Chrono Boost)  
  16  10:30  Probe (Chrono Boost)  
  17  10:36  Photon Cannon  
  17  10:41  Probe (Chrono Boost)  
  18  10:51  Probe (Chrono Boost)  
  19  10:57  Robotics Facility  
  19  11:06  Mothership Core (Chrono Boost)  
  21  11:24  Probe (Chrono Boost)  
  22  11:44  Warp Prism (Chrono Boost)  
  24  11:48  Probe  
  25  12:00  Void Ray  
  29  13:07  Nexus  
  11  14:23  Pylon  
  10  14:26  Pylon  
  10  14:31  Forge  
  10  14:50  Gateway  
  10  14:54  Probe (Chrono Boost)  
  11  15:10  Probe (Chrono Boost)  
  12  15:33  Photon Cannon  
  12  15:44  Probe (Chrono Boost)  
  12  15:45  Cybernetics Core  
  13  15:55  Probe (Chrono Boost)  
  14  16:10  Photon Cannon  
  14  16:12  Probe (Chrono Boost)  
Show
View Real Time Build Order
Export as new Build Order

zidar Zerg - Winner!

Build Orders: Pool First 

Get SALT Encoding   

  12  0:02  Drone  
  13  0:12  Overlord  
  13  0:17  Drone  
  14  0:30  Drone x2  
  16  0:43  Spawning Pool  
  16  0:47  Drone  
  16  1:12  Hatchery  
  16  1:13  Drone  
  16  1:18  Extractor  
  16  1:19  Drone  
  15  1:31  Drone x2  
  17  1:40  Queen  
  17  1:45  Zergling x2  
  20  1:50  Drone  
  21  1:57  Drone  
  22  2:17  Evolution Chamber  
  21  2:23  Queen  
  23  2:30  Metabolic Boost  
  23  2:47  Zergling x10  
  28  2:56  Roach Warren  
  26  3:06  Drone x2  
  26  3:09  Overlord  
  26  3:10  Overlord  
  28  3:15  Zerg Melee Weapons Level 1  
  28  3:32  Zergling x4  
  28  3:34  Zergling x2  
  31  3:35  Baneling Nest  
  30  3:47  Zergling x6  
  34  3:48  Zergling x2  
  34  4:07  Roach x3  
  34  4:24  Queen  
  36  4:33  Ravager  
  36  4:38  Roach  
  36  4:39  Roach x2  
  42  4:56  Drone  
  42  4:59  Overlord  
  43  5:00  Overlord  
  38  5:38  Zergling x12  
  28  6:31  Roach x6  
  35  6:58  Drone x2  
  37  7:05  Spore Crawler  
  36  7:10  Spore Crawler  
  35  7:20  Zergling x2  
  35  7:21  Zergling x8  
  40  7:24  Ravager x2  
  40  7:25  Ravager x2  
  44  7:36  Drone x2  
  46  7:41  Zergling x2  
  46  7:43  Zergling x6  
  50  7:52  Drone  
  50  7:55  Zergling x2  
  52  8:00  Lair  
  52  8:04  Extractor  
  25  9:44  Zerg Ground Armor Level 1  
  25  9:45  Hydralisk Den  
  24  9:55  Drone x13  
  37  10:16  Extractor  
  37  10:21  Extractor, Hydralisk x4  
  43  10:47  Hatchery  
  42  10:52  Muscular Augments  
  42  10:58  Drone x10  
  52  11:12  Overlord  
  52  11:13  Overlord x5  
  52  11:34  Hydralisk x8  
  68  11:43  Zerg Missile Weapons Level 1  
  68  11:49  Extractor x2  
  66  11:55  Drone x6  
  66  12:00  Roach x7  
  86  12:04  Queen  
  88  12:15  Hydralisk  
  88  12:16  Hydralisk  
  92  12:33  Hatchery  
  92  12:34  Lurker Den  
  91  12:37  Glial Reconstitution  
  91  12:38  Infestation Pit  
  90  12:47  Drone x9  
  99  13:22  Hydralisk x3  
  99  13:26  Overlord x3  
  99  13:27  Overlord  
  97  13:56  Hydralisk  
  97  13:57  Hydralisk x10  
  119  14:25  Hydralisk x8  
  135  14:38  Drone x7  
  142  15:16  Extractor  
  142  15:17  Extractor  
  140  15:35  Drone x3  
  143  15:52  Overlord  
  143  15:53  Overlord x3  
  143  15:54  Overlord x2  
  143  16:12  Evolution Chamber  
Tags
 
Add a new tag
Caveats
  • Supply blocks, unpowered buildings, or Contaminate may cause inaccurate times.
  • Supply counts are checked every 10 seconds.